 Dungeon Crawl Stone Soup version 0.21.1-1-g345015f (webtiles) character file.

248 tidbits the Charmwright (level 6, 0/50 HPs)
             Began as a Gnoll Skald on June 20, 2018.
             Slain by Pikel
             ... wielding a +0 whip of freezing
              (2 damage)
             ... on level 5 of the Dungeon.
             The game lasted 00:05:04 (541 turns).

tidbits the Charmwright (Gnoll Skald)                Turns: 541, Time: 00:05:05

Health: 0/50       AC:  4    Str: 11 (14) XL:     6   Next: 12%
Magic:  10/13      EV: 19    Int: 15 (17) God:
Gold:   138        SH:  0    Dex: 17 (19) Spells: 4/15 levels left

rFire    . . .     SeeInvis .   a - +0 hand axe
rCold    . . .     Gourm    .   (no shield)
rNeg     . . .     Faith    .   b - +0 leather armour
rPois    .         Spirit   .   (no helmet)
rElec    .         Reflect  .   (no cloak)
rCorr    .         Harm     .   G - +0 pair of gloves
MR       .....                  (no boots)
Stlth    +++.......             (no amulet)
HPRegen  0.16/turn              (no ring)
MPRegen  0.13/turn              (no ring)

@: agile, singing (expiring)
A: distributed training, fangs 1, strong nose
a: no special abilities


You were on level 5 of the Dungeon.
You were not hungry.

You visited 1 branch of the dungeon, and saw 6 of its levels.

You collected 138 gold pieces.

Inventory:

Hand Weapons
 a - a +0 hand axe (weapon)
 g - a +0 short sword
 l - a +0 dagger
 q - a +0 shortbow
 s - a +0 flail
Missiles
 r - 22 arrows
Armour
 b - a +0 leather armour (worn)
 k - a cursed +0 ring mail
 G - a +0 pair of gloves (worn)
Magical Staves
 p - an uncursed staff of earth {unknown}
   (You found it on level 3 of the Dungeon)
Wands
 t - a wand of random effects (6)
Scrolls
 e - a scroll of teleportation {unknown}
 h - 2 scrolls of identify {unknown}
 m - a scroll of enchant armour {unknown}
 o - a scroll of remove curse {unknown}
Potions
 f - a potion of magic
 n - a potion of agility
Books
 c - a book of Battle

   Spells                             Type                      Level
   a - Infusion                       Charms                       1
   b - Shroud of Golubria             Charms/Translocation         2
   c - Song of Slaying                Charms                       2
   d - Spectral Weapon                Hexes/Charms                 3
   e - Regeneration                   Charms/Necromancy            3
Comestibles
 d - 4 rations


   Skills:
 + Level 4.9 Fighting
 + Level 1.8 Short Blades
 + Level 1.8 Long Blades
 + Level 4.9 Axes
 + Level 1.8 Maces & Flails
 + Level 1.8 Polearms
 + Level 1.8 Staves
 + Level 1.8 Slings
 + Level 1.8 Bows
 + Level 1.8 Crossbows
 + Level 1.8 Throwing
 + Level 3.1 Armour
 + Level 4.9 Dodging
 + Level 1.8 Stealth
 + Level 1.8 Shields
 + Level 1.8 Unarmed Combat
 + Level 5.3 Spellcasting
 + Level 1.4 Conjurations
 + Level 1.4 Hexes
 + Level 5.6 Charms
 + Level 1.4 Summonings
 + Level 1.4 Necromancy
 + Level 1.4 Translocations
 + Level 1.4 Transmutations
 + Level 1.4 Fire Magic
 + Level 1.4 Ice Magic
 + Level 1.4 Air Magic
 + Level 1.4 Earth Magic
 + Level 1.4 Poison Magic
 + Level 2.0 Invocations
 + Level 1.8 Evocations


You had 4 spell levels left.
You knew the following spells:

 Your Spells              Type           Power        Failure   Level  Hunger
g - Shroud of Golubria    Chrm/Tloc      ##........   7%          2    ##.....
i - Infusion              Chrm           ###.         1%          1    None
r - Regeneration          Chrm/Necr      ##........   14%         3    ###....
w - Spectral Weapon       Hex/Chrm       ##......     14%         3    ###....
y - Song of Slaying       Chrm           ###.....     3%          2    ##.....


Dungeon Overview and Level Annotations

Branches:
Dungeon (6/15)
 Temple: D:4-7

Altars:
The Shining One

Annotations:
D:5 Pikel
D:6 Ethylacetat's ghost, novice DsMo


Innate Abilities, Weirdness & Mutations

Your experience applies equally to all skills.
You have very sharp teeth.
Your uncanny sense of smell can sniff out nearby items.


Message History

The slave hits your spectral weapon but does no damage.
You swap places.
You hear a shout!
The slave hits you but does no damage.
You slash the slave! You bite the slave, but do no damage.
The slave is moderately wounded.
Your spectral weapon hits the slave.
The slave closely misses you.
You closely miss the slave.
The slave is heavily wounded.
Your spectral weapon barely misses the slave.
The slave completely misses you.
You closely miss the slave.
The slave is heavily wounded.
Your spectral weapon hits the slave.
The slave misses you.
Unknown command.
You slash the slave!
The slave is severely wounded.
Your spectral weapon hits the slave.
The slave barely misses you.
You slash the slave!
You kill the slave!
That felt strangely unrewarding.
Casting: Song of Slaying
Confirm with . or Enter, or press ? or * to list all spells.
Your skin crawls.
The slave hits you.
* * * LOW HITPOINT WARNING * * *
You hit the slave.
The slave is lightly wounded.
Your spectral weapon hits the slave but does no damage.
Your leather armour prevents you from hitting Pikel.
Your spectral weapon hits Pikel!
Your spectral weapon hits the slave.
The slave barely misses your spectral weapon.
Pikel closely misses you.
You miss Pikel.
Pikel is lightly wounded.
Your spectral weapon closely misses Pikel.
Your spectral weapon hits the slave but does no damage.
Pikel barely misses you.
You completely miss Pikel.
Pikel is lightly wounded.
You closely miss the slave.
Your spectral weapon hits Pikel.
The slave closely misses you. Pikel closely misses you.
You closely miss Pikel.
Pikel is moderately wounded.
You hit the slave.
Your spectral weapon hits Pikel.
The slave misses you. Pikel barely misses you.
You closely miss Pikel.
Pikel is moderately wounded.
You slash the slave!
Your skin is crawling a little less now.
Your spectral weapon hits Pikel.
The slave misses you. Pikel hits you with a whip of freezing.
* * * LOW HITPOINT WARNING * * *
Pikel freezes you.
* * * LOW HITPOINT WARNING * * *
You completely miss Pikel.
Pikel is heavily wounded.
You hit the slave but do no damage.
Your spectral weapon fades away.
The slave hits you.
* * * LOW HITPOINT WARNING * * *
Pikel hits you with a whip of freezing.
* * * LOW HITPOINT WARNING * * *
Pikel freezes you.
* * * LOW HITPOINT WARNING * * *
It was a potion of magic.
Magic courses through your body. The slave barely misses you.
Pikel closely misses you.
It was a potion of agility.
You feel agile all of a sudden. The slave misses you. Pikel barely misses you.
It was a potion of degeneration.
There was something very wrong with that liquid.
You feel weakened.
You feel dopey.
You feel clumsy. The slave misses you. Pikel hits you with a whip of freezing.
* * * LOW HITPOINT WARNING * * *
Pikel freezes you.
* * * LOW HITPOINT WARNING * * *
It was a potion of curing.
You feel better.
Your skin stops crawling.
The slave closely misses you. Pikel completely misses you.
Casting: Regeneration
Confirm with . or Enter, or press ? or * to list all spells.
You draw out your weapon's spirit!
Your song is almost over.
The slave misses you. Pikel hits you but does no damage.
You hit Pikel.
Pikel is heavily wounded.
You completely miss the slave.
Your spectral weapon hits Pikel but does no damage.
Your spectral weapon hits the slave.
The slave hits your spectral weapon but does no damage.
Pikel misses you.
You closely miss Pikel.
Pikel is heavily wounded.
You closely miss the slave.
Your spectral weapon barely misses Pikel.
Your spectral weapon hits the slave!
The slave hits you but does no damage. Pikel hits you with a whip of freezing!
* * * LOW HITPOINT WARNING * * *
Pikel freezes you.
You die...

...........>......#
###.p.....#####
#.#####....#
#####.# #....#.#
#.....# #.#.## ..
#...#####.#..## ##
∆#..p......#...#
#...####.(p.[.# ..
#.#.#.....K@..# ...
#.#.$....._†.##
...##.#..........#
.....p.p..##.....#
.......p..#.(...##
.......%..#.#####
h.........#.
#.....<..#
#........#


You could see Pikel, a slave and a friendly spectral hand axe.

Vanquished Creatures
  2 slaves (D:5)
  A centaur (D:5)
  A bullfrog (D:6)
  2 hounds (D:5)
  2 adders
  3 orcs (D:3)
  3 goblins (D:3)
  2 hobgoblins (D:3)
  2 jackals (D:3)
  A kobold (D:2)
  A quokka (D:2)
  A ball python (D:2)
  A bat (D:2)
  2 frilled lizards
24 creatures vanquished.

Notes
Turn   | Place    | Note
-------+----------+-------------------------------------------
     0 | D:1      | tidbits the Gnoll Skald began the quest for the Orb.
     0 | D:1      | Reached XP level 1. HP: 20/20 MP: 6/6
    15 | D:2      | Reached XP level 2. HP: 15/26 MP: 1/7
   180 | D:3      | Reached XP level 3. HP: 16/31 MP: 2/9
   191 | D:3      | Learned a level 3 spell: Spectral Weapon
   191 | D:3      | Reached skill level 5 in Spellcasting
   196 | D:3      | Learned a level 2 spell: Song of Slaying
   199 | D:3      | Learned a level 2 spell: Shroud of Golubria
   203 | D:3      | Learned a level 3 spell: Regeneration
   327 | D:5      | Entered Level 5 of the Dungeon
   327 | D:5      | Noticed Pikel
   327 | D:5      | Noticed a slave
   327 | D:5      | Noticed a slave
   327 | D:5      | Noticed a slave
   327 | D:5      | Noticed a slave
   361 | D:5      | Reached skill level 1 in Short Blades
   361 | D:5      | Reached skill level 1 in Long Blades
   361 | D:5      | Reached skill level 1 in Maces & Flails
   361 | D:5      | Reached skill level 1 in Polearms
   361 | D:5      | Reached skill level 1 in Staves
   361 | D:5      | Reached skill level 1 in Slings
   361 | D:5      | Reached skill level 1 in Bows
   361 | D:5      | Reached skill level 1 in Crossbows
   361 | D:5      | Reached skill level 1 in Throwing
   361 | D:5      | Reached skill level 1 in Stealth
   361 | D:5      | Reached skill level 1 in Shields
   361 | D:5      | Reached skill level 1 in Unarmed Combat
   361 | D:5      | Reached skill level 1 in Invocations
   361 | D:5      | Reached skill level 1 in Evocations
   361 | D:5      | Reached XP level 4. HP: 38/38 MP: 3/11
   365 | D:5      | Noticed a centaur
   372 | D:5      | Killed a centaur
   372 | D:5      | Reached skill level 1 in Conjurations
   372 | D:5      | Reached skill level 1 in Hexes
   372 | D:5      | Reached skill level 1 in Summonings
   372 | D:5      | Reached skill level 1 in Necromancy
   372 | D:5      | Reached skill level 1 in Translocations
   372 | D:5      | Reached skill level 1 in Transmutations
   372 | D:5      | Reached skill level 1 in Fire Magic
   372 | D:5      | Reached skill level 1 in Ice Magic
   372 | D:5      | Reached skill level 1 in Air Magic
   372 | D:5      | Reached skill level 1 in Earth Magic
   372 | D:5      | Reached skill level 1 in Poison Magic
   372 | D:5      | Reached XP level 5. HP: 31/43 MP: 4/12
   441 | D:6      | Reached skill level 3 in Armour
   470 | D:6      | Noticed Ethylacetat's ghost (novice DsMo)
   493 | D:5      | Found a glowing golden altar of the Shining One.
   517 | D:5      | Killed a slave
   520 | D:5      | Reached skill level 2 in Invocations
   520 | D:5      | Reached XP level 6. HP: 19/50 MP: 9/13
   526 | D:5      | Killed a slave
   537 | D:5      | HP: 4/50 [Pikel/whip of freezing (6)]
   541 | D:5      | Slain by Pikel

Skill      XL: |  1  2  3  4  5 |
---------------+----------------+-----
Spellcasting   | 5 |  5.3
Short Blades   | 1 |  1.8
Long Blades    | 1 |  1.8
Maces & Flails | 1 |  1.8
Polearms       | 1 |  1.8
Staves         | 1 |  1.8
Slings         | 1 |  1.8
Bows           | 1 |  1.8
Crossbows      | 1 |  1.8
Throwing       | 1 |  1.8
Stealth        | 1 |  1.8
Shields        | 1 |  1.8
Unarmed Combat | 1 |  1.8
Invocations    | 1 2 |  2.0
Evocations     | 1 |  1.8
Conjurations   | 1 |  1.4
Hexes          | 1 |  1.4
Summonings     | 1 |  1.4
Necromancy     | 1 |  1.4
Translocations | 1 |  1.4
Transmutations | 1 |  1.4
Fire Magic     | 1 |  1.4
Ice Magic      | 1 |  1.4
Air Magic      | 1 |  1.4
Earth Magic    | 1 |  1.4
Poison Magic   | 1 |  1.4
Armour         | 3 |  3.1
Fighting       | |  4.9
Axes           | |  4.9
Dodging        | |  4.9
Charms         | |  5.6

Action                   |  1- 3 |  4- 6 || total
-------------------------+-------+-------++-------
Melee: Hand axe          |    46 |    37 ||    83
       Bite              |     2 |     3 ||     5
 Cast: Infusion          |     4 |       ||     4
       Spectral Weapon   |     3 |     3 ||     6
       Song of Slaying   |     1 |     1 ||     2
       Regeneration      |     1 |     1 ||     2
Evoke: Wand              |       |     3 ||     3
  Use: Potion            |       |     4 ||     4
Armor: Leather armour    |     6 |     4 ||    10
Dodge: Dodged            |    23 |    35 ||    58

Table legend:
 A = Turns spent in this place as a percentage of turns spent in the entire game.
 B = Non-inter-level travel turns spent in this place as a percentage of non-inter-level travel turns spent in the entire game.
 C = Inter-level travel turns spent in this place as a percentage of turns spent in this place.
 D = Turns resting spent in this place as a percentage of non-inter-level travel turns spent in this place.
 E = Turns spent auto-exploring this place as a percentage of non-inter-level travel turns spent in this place.
 F = Non-inter-level travel turns spent in this place divided by the number of levels of this place that you've seen.
                   A       B       C       D       E      F
               +-------+-------+-------+-------+-------+----------------------
         Total | 100.0 | 100.0 |   0.0 |   0.0 |   0.0 |  90.2
       Dungeon | 100.0 | 100.0 |   0.0 |   0.0 |   0.0 |  90.2
               +-------+-------+-------+-------+-------+----------------------

Table legend:
 A = Kills in this place as a percentage of kills in entire the game.
 B = Kills by you in this place as a percentage of kills by you in the entire game.
 C = Kills by friends in this place as a percentage of kills by friends in the entire game.
 D = Other kills in this place as a percentage of other kills in the entire game.
 E = Experience gained in this place as a percentage of experience gained in the entire game.
 F = Experience gained in this place divided by the number of levels of this place that you have seen.
                   A       B       C       D       E      F
               +-------+-------+-------+-------+-------+----------------------
         Total | 100.0 | 100.0 |   N/A |   N/A | 100.0 |  59.2
       Dungeon | 100.0 | 100.0 |   N/A |   N/A | 100.0 |  59.2
               +-------+-------+-------+-------+-------+----------------------

Vault maps used:
D:1:      roderic_dead_forest
D:2:      kiku_gazebo_garden_becter, minmay_pentomino_t2
D:3:      mumra_celtic_spiral_tile, nemelex_spade_bored_becter
D:4:      nemelex_xobeh_ov_fountains_minmay, minmay_temple_entry_glassed_door,
          first_ration, kennysheep_nondescript, hex_tiny,
          nemelex_lonely_heart_becter, uniq_robin
D:5:      basic_altar, uniq_pikel
